 Dungeon Crawl Stone Soup version 0.24-a0-458-gfcb5e6da0e (webtiles) character file.

Game seed: 6871786566674699846

223 Ijustatesigmund the Skirmisher (level 6, -1/68 HPs)
             Began as an Ogre Hunter on June 26, 2019.
             Succumbed to a worker ant's poison
             ... on level 4 of the Dungeon.
             The game lasted 00:05:37 (2338 turns).

Ijustatesigmund the Skirmisher (Ogre Hunter)        Turns: 2338, Time: 00:05:38

Health: -1/68      AC:  3    Str: 22    XL:     6   Next: 0%
Magic:  6/6        EV: 10    Int: 17    God:
Gold:   86         SH:  0    Dex: 11    Spells: 5/5 levels left

rFire    . . .     SeeInvis .   a - +2 flail
rCold    . . .     Gourm    .   (no shield)
rNeg     . . .     Faith    .   b - +0 robe
rPois    .         Spirit   .   (helmet restricted)
rElec    .         Reflect  .   (no cloak)
rCorr    .         Harm     .   (gloves unavailable)
MR       +....                  (boots unavailable)
Stlth    ..........             j - amulet of regeneration
HPRegen  0.61/turn              g - ring of attention (curse)
MPRegen  0.10/turn              i - ring of protection from magic

@: mighty, brilliant, lethally poisoned (-1 -> -13), flying
A: large, unfitting armour, tough skin 1
a: no special abilities


You were on level 4 of the Dungeon.
You were not hungry.

You visited 1 branch of the dungeon, and saw 4 of its levels.

You collected 86 gold pieces.

Inventory:

Hand Weapons
 a - a +2 flail (weapon)
Missiles
 c - 5 large rocks (quivered)
 d - 3 throwing nets
Armour
 b - a +0 robe (worn)
Jewellery
 g - a cursed ring of attention (left hand)
 h - an uncursed ring of ice
 i - a ring of protection from magic (right hand)
 j - an amulet of regeneration (around neck)
 o - a +3 amulet of reflection {unknown}
 q - an uncursed amulet of magic regeneration {unknown}
Scrolls
 e - 2 scrolls of blinking
 m - a scroll of remove curse
 p - a scroll of teleportation
Potions
 k - 2 potions of agility
Comestibles
 f - 5 rations
 n - a chunk of flesh


   Skills:
 + Level 6.4 Fighting
 + Level 2.9 Maces & Flails
 - Level 4.0 Throwing
 - Level 1.7 Dodging
 - Level 0.6 Stealth


You had 5 spell levels left.
You didn't know any spells.
Your spell library was empty.

Dungeon Overview and Level Annotations

Branches:
Dungeon (4/15)
 Temple: D:4-7

Altars:


Innate Abilities, Weirdness & Mutations

You are too large for most types of armour.
You have tough skin. (AC +1)


Message History

You feel sick. The worker ant bites you.
* * * LOW HITPOINT WARNING * * *
The worker ant bites you.
* * * LOW HITPOINT WARNING * * *
You are more poisoned.
The worker ant poisons you!
It was a potion of might.
You feel very mighty all of a sudden.
* * * LOW HITPOINT WARNING * * *
You feel sick. The worker ant barely misses you.
It was a potion of flight.
You feel very buoyant.
You fly up into the air.
* * * LOW HITPOINT WARNING * * *
You feel very sick.
The leopard gecko hisses menacingly.
The worker ant barely misses you.
It was a potion of brilliance.
You feel clever all of a sudden.
You die...

####### #.....#
#.###.########
#.#...........
#.#.#.######## #.....# #
# ###.##########.# #
#............#.### #
##..#.#####@.......
######..###.####a#†.#.##
...##..## ##÷...l..##
........###.......##
......#.[#.##.####.#
.###.##.#.##...# ..# .#
#.##.#......# .#.#
.###.##.#......# ..#..
.##.............. .# #.#


You could see a worker ant and a leopard gecko.

Vanquished Creatures
  A water moccasin skeleton (D:4)
  An orc wizard (D:3)
  An iguana (D:4)
  2 adders
  2 oozes
  3 worms
  2 dart slugs (D:1)
  2 leopard geckos
  13 orcs
  2 ball pythons (D:3)
  3 bats
  4 giant cockroaches
  4 goblins
  6 hobgoblins
  3 jackals (D:1)
  2 quokkas
  11 kobolds
  4 rats
66 creatures vanquished.

Notes
Turn   | Place    | Note
-------+----------+-------------------------------------------
     0 | D:1      | Ijustatesigmund the Ogre Hunter began the quest for the
                  | Orb.
     0 | D:1      | Reached XP level 1. HP: 22/22 MP: 1/1
    61 | D:1      | Reached skill level 3 in Fighting
   116 | D:1      | Reached XP level 2. HP: 19/31 MP: 2/2
   277 | D:1      | Reached skill level 4 in Fighting
   646 | D:1      | Reached XP level 3. HP: 40/40 MP: 3/3
  1039 | D:2      | Reached skill level 1 in Maces & Flails
  1242 | D:2      | Reached skill level 5 in Fighting
  1242 | D:2      | Reached XP level 4. HP: 38/50 MP: 4/4
  1924 | D:3      | Reached XP level 5. HP: 58/58 MP: 5/5
  2200 | D:4      | Reached skill level 6 in Fighting
  2330 | D:4      | Reached XP level 6. HP: 38/68 MP: 6/6
  2336 | D:4      | HP: 3/68 [poisoned by a worker ant]
  2337 | D:4      | HP: 1/68 [poisoned by a worker ant]
  2338 | D:4      | Succumbed to a worker ant's poison

Levels and vault maps discovered:
D:1:      matt_arrival_refuge, layout_rooms, serial_bayou_pond_a
D:2:      layout_loops_cross
D:3:      layout_basic
D:4:      layout_loops_ring, minmay_temple_entry_antechambers

Skill      XL: |  1  2  3  4  5 |
---------------+----------------+-----
Fighting       | 3 4 5 6 |  6.4
Maces & Flails | 1 2 |  2.9
Throwing       | |  4.0
Dodging        | |  1.7
Stealth        | |  0.6

Action                   |  1- 3 |  4- 6 || total
-------------------------+-------+-------++-------
Melee: Short sword       |    63 |       ||    63
       Whip              |    41 |       ||    41
       Flail             |     9 |   120 ||   129
       Mace              |     5 |       ||     5
Throw: Large rock        |     3 |     3 ||     6
  Use: Scroll            |     4 |     8 ||    12
       Potion            |       |     3 ||     3
 Stab: Sleeping          |     1 |       ||     1
  Eat: Chunk             |       |     5 ||     5
Armor: Robe              |    24 |    31 ||    55
Dodge: Dodged            |    71 |    59 ||   130

Table legend:
 A = Non-vault XP
 B = Vault XP
 C = Vault XP percentage of total XP
 D = Non-vault monster count
 E = Vault monster count
 F = Vault count percentage of total count
                 A         B        C        D         E       F
            +---------+---------+-------+---------+---------+-------
      Total |     319 |       0 |   0.0 |      66 |       0 |   0.0
            +---------+---------+-------+---------+---------+-------
        D:1 |      48 |       0 |   0.0 |      23 |       0 |   0.0
        D:2 |      62 |       0 |   0.0 |      20 |       0 |   0.0
        D:3 |      60 |       0 |   0.0 |      11 |       0 |   0.0
        D:4 |     149 |       0 |   0.0 |      12 |       0 |   0.0
            +---------+---------+-------+---------+---------+-------
